 Dungeon Crawl Stone Soup version 0.21-a0-88-g13b9641 (webtiles) character file.

80 HAL9000 the Chucker (level 4, -2/48 HPs)
             Began as an Ogre Hunter on June 27, 2017.
             Slain by HAL9000's ghost (9 damage)
             ... on level 3 of the Dungeon.
             The game lasted 00:04:03 (2839 turns).

HAL9000 the Chucker (Ogre Hunter)                   Turns: 2839, Time: 00:04:03

Health: -2/48      AC:  3    Str: 22    XL:     4   Next: 39%
Magic:  4/4        EV: 10    Int: 12    God:
Gold:   98         SH:  0    Dex:  9    Spells: 3/3 levels left

rFire    + . .     SeeInvis .   a - +0 short sword
rCold    x . .     Gourm    .   (no shield)
rNeg     . . .     Faith    .   b - +0 robe
rPois    .         Spirit   .   (helmet restricted)
rElec    .         Reflect  .   (no cloak)
rCorr    .         Harm     .   (gloves unavailable)
MR       .....                  (boots unavailable)
Stlth    +.........             (no amulet)
HPRegen  0.16/turn              r - ring of fire
MPRegen  0.09/turn              (no ring)

@: mighty
A: unfitting armour, tough skin 1
a: no special abilities


You were on level 3 of the Dungeon.
You were not hungry.

You visited 1 branch of the dungeon, and saw 3 of its levels.

You collected 98 gold pieces.

Inventory:

Hand Weapons
 a - a +0 short sword (weapon)
 h - a +0 whip
Armour
 b - a +0 robe (worn)
Jewellery
 r - a ring of fire (left hand)
Scrolls
 i - 2 scrolls of teleportation {unknown}
 j - 2 scrolls of identify {unknown}
 l - 2 scrolls of magic mapping {unknown}
 o - a scroll of blinking {unknown}
Potions
 m - 2 potions of curing {unknown}
 p - a potion of brilliance {unknown}
 q - 2 potions of ambrosia {unknown}
 t - a potion of lignification {unknown}
Comestibles
 f - a bread ration
 n - a royal jelly
 s - 3 chunks of flesh


   Skills:
 - Level 4.0 Fighting
 + Level 2.7 Maces & Flails
 - Level 4.0 Throwing
 - Level 1.7 Dodging
 - Level 0.6 Stealth


You had 3 spell levels left.
You didn't know any spells.

Dungeon Overview and Level Annotations

Branches:
Dungeon (3/15)

Altars:

Annotations:
D:3 HAL9000's ghost, amateur OgHu


Innate Abilities, Weirdness & Mutations

You are too large for most types of armour.
You have tough skin. (AC +1)


Message History

The net passes right through HAL9000's ghost!
HAL9000's ghost is heavily damaged.
HAL9000's ghost hits you.
Throwing (i - inventory):
d - a throwing net (quivered)
Press: ? - help, Shift-Dir - straight line, f/p - HAL9000's ghost
Aim: HAL9000's ghost (heavily damaged, immune to nets)
You throw a throwing net.
The throwing net barely misses HAL9000's ghost.
HAL9000's ghost hits you!
* * * LOW HITPOINT WARNING * * *
Firing (i - inventory): No suitable missiles.
Press: ? - help, Shift-Dir - straight line, f/p - HAL9000's ghost
Aim: HAL9000's ghost (heavily damaged)
Okay, then.
Unknown command.
Okay, then.
It was a potion of might.
You feel very mighty all of a sudden. HAL9000's ghost hits you!
You die...

##..#.## ...#.## #.# #.# ....##
#.# #W# ##..# #.# #?# #..### #.#
#.# ##.[#.## #.# #.# .......##
#.# #.#
###.#.#.########.#######.#######
#..............@W.(.....(......
##.#.#.######.######.##########
####...######...# #.#
................# #.#
#####>#######...# #.# #.# #####
#.# #.# #.# #.# #.# #.#


You could see HAL9000's ghost.

Vanquished Creatures
  A gnoll (D:1)
  An adder (D:3)
  A dart slug (D:1)
  5 leopard geckos
  5 bats
  3 giant cockroaches
  5 goblins
  5 hobgoblins
  6 jackals (D:1)
  6 kobolds
  2 quokkas (D:2)
  A frilled lizard (D:3)
  8 rats
49 creatures vanquished.

Notes
Turn   | Place    | Note
-------+----------+-------------------------------------------
     0 | D:1      | HAL9000 the Ogre Hunter began the quest for the Orb.
     0 | D:1      | Reached XP level 1. HP: 22/22 MP: 1/1
    48 | D:1      | Reached XP level 2. HP: 5/31 MP: 2/2
   809 | D:1      | Reached skill level 1 in Maces & Flails
   809 | D:1      | Reached XP level 3. HP: 20/39 MP: 3/3
  2090 | D:2      | Reached XP level 4. HP: 48/48 MP: 4/4
  2807 | D:3      | Noticed HAL9000's ghost (amateur OgHu)
  2839 | D:3      | Slain by HAL9000's ghost

Vault maps used:
D:1:      shiori_arrival_maze
D:2:      kennysheep_six_static_rooms, corexii_hall_statues_deadend

Skill      XL: |  1  2  3 |
---------------+----------+-----
Fighting       | 3 4 |  4.0
Maces & Flails | 1 2 |  2.7
Throwing       | |  4.0
Dodging        | |  1.7
Stealth        | |  0.6

Action                   |  1- 3 |  4- 6 || total
-------------------------+-------+-------++-------
Melee: Short sword       |   155 |    70 ||   225
Throw: Large rock        |       |     5 ||     5
       Throwing net      |       |     2 ||     2
  Use: Potion            |       |     1 ||     1
 Stab: Sleeping          |     2 |       ||     2
  Eat: Chunk             |     3 |     3 ||     6
Armor: Robe              |    41 |    20 ||    61
Dodge: Dodged            |   115 |    49 ||   164
